Map: [TLMC TM2] Heavy Artillery

Players

jeannysu

  • Race: Zerg Zerg
  • Spawn Location: 7:00

프로브

  • Race: Terran Terran
  • Spawn Location: 7:00

치터 칸 (가장 어려움) - Winner!

  • Race: Zerg Zerg
  • Spawn Location: 3:00

치터 칸 (가장 어려움) - Winner!

  • Race: Terran Terran
  • Spawn Location: 1:00

VOD

Have the link to the VOD?

Description

Time

  • Played on: Oct. 4, 2025, 8:47 a.m.
  • Length: 7:00
Show
View Real Time Build Order
Export as new Build Order

jeannysu Zerg 

Build Orders: Hatch First 

Get SALT Encoding   

  12  0:00  Drone  
  13  0:08  Drone  
  14  0:15  Drone, Extractor  
  15  0:21  Overlord  
  15  0:39  Drone  
  15  0:40  Drone  
  17  0:51  Hatchery  
  17  0:54  Drone  
  17  0:57  Drone  
  18  1:07  Extractor  
  17  1:15  Spawning Pool  
  17  1:16  Drone  
  17  1:19  Drone  
  18  1:26  Drone  
  19  1:38  Drone  
  20  1:47  Overlord  
  20  2:02  Zergling x2  
  20  2:03  Zergling x2, Queen x2  
  26  2:09  Drone  
  26  2:14  Drone  
  28  2:20  Drone  
  29  2:24  Drone  
  30  2:31  Overlord  
  30  2:42  Queen  
  32  2:44  Overlord  
  32  2:46  Drone  
  33  3:06  Drone  
  33  3:07  Drone x3  
  33  3:10  Metabolic Boost  
  37  3:13  Zergling x2  
  38  3:21  Hatchery  
  37  3:30  Drone  
  37  3:31  Drone x5  
  43  3:39  Overlord  
  43  3:44  Zergling x2  
  43  3:45  Zergling x6  
  47  3:51  Drone  
  48  3:57  Roach Warren  
  47  4:09  Evolution Chamber  
  46  4:11  Evolution Chamber  
  46  4:12  Zergling x10  
  51  4:18  Zergling x2  
  51  4:26  Zergling x14  
  58  4:38  Zergling x2  
  50  4:39  Zergling x2  
  45  4:47  Zergling x2  
  39  4:53  Zergling x2  
  39  4:58  Roach  
  41  5:03  Queen  
  41  5:05  Roach  
  43  5:11  Roach x2  
  45  5:17  Roach x3  
  50  5:22  Roach  
  52  5:30  Roach  
  52  5:35  Roach  
  54  5:48  Roach x3  
  60  5:57  Extractor  
  60  5:58  Extractor  
  58  6:09  Drone x2  
  60  6:12  Overlord x2  
  44  6:37  Roach  
Show
View Real Time Build Order
Export as new Build Order

프로브 Terran 

Build Orders: 2 Factory 

Get SALT Encoding   

  12  0:00  SCV  
  13  0:12  SCV  
  14  0:17  Supply Depot  
  14  0:24  SCV  
  15  0:39  SCV  
  16  0:42  Barracks  
  16  0:45  Refinery  
  16  0:49  Refinery  
  16  0:53  SCV  
  17  1:08  SCV  
  18  1:21  SCV  
  19  1:30  Marine  
  20  1:35  Supply Depot  
  20  1:39  Orbital Command  
  20  1:44  Factory  
  20  1:48  Marine  
  21  2:11  Command Center  
  21  2:15  Barracks Tech Lab  
  21  2:18  SCV  
  22  2:33  Factory  
  22  2:43  SCV  
  23  2:56  SCV  
  23  2:57  Hellion  
  26  3:02  Factory  
  26  3:11  SCV  
  27  3:18  Factory Reactor  
  27  3:23  SCV  
  27  3:25  Orbital Command  
  28  3:35  SCV  
  29  3:47  Mag-Field Accelerator  
  29  3:50  Factory Tech Lab  
  29  3:58  SCV x2  
  31  4:06  Cyclone  
  34  4:10  SCV  
  35  4:20  Refinery, SCV  
  35  4:21  Refinery, Command Center  
  35  4:22  SCV  
  37  4:27  Hellion x2  
  41  4:32  SCV  
  41  4:34  SCV  
  39  4:50  Cyclone, Hellion x2  
  39  4:52  Cyclone  
  46  4:58  SCV  
  46  4:59  SCV  
  44  5:10  SCV  
  44  5:11  SCV  
  44  5:22  SCV  
  45  5:32  Cyclone x2  
  49  5:46  SCV  
  49  5:49  SCV, Orbital Command  
  51  5:51  Refinery  
  51  5:56  Factory, Armory  
  51  5:58  Factory, SCV  
  51  6:01  SCV  
  53  6:06  Cyclone x2  
  53  6:10  SCV  
  60  6:20  Hellion  
  60  6:21  Hellion  
  61  6:26  SCV  
  53  6:39  Hellion x2  
Show
View Real Time Build Order
Export as new Build Order

치터 칸 (가장 어려움) Zerg - Winner!

Build Orders: Pool First 

Get SALT Encoding   

  12  0:01  Drone  
  13  0:11  Overlord  
  13  0:15  Drone  
  14  0:29  Drone  
  14  0:33  Spawning Pool  
  14  0:35  Drone  
  15  0:38  Drone  
  16  0:43  Drone  
  16  0:44  Extractor  
  16  0:54  Drone  
  17  1:05  Drone  
  18  1:16  Drone  
  19  1:19  Hatchery  
  19  1:22  Roach Warren  
  17  1:31  Queen  
  19  1:35  Drone  
  19  1:37  Drone  
  21  1:48  Zergling x2  
  22  1:58  Overlord  
  22  2:09  Overlord  
  22  2:20  Roach  
  24  2:25  Metabolic Boost  
  24  2:30  Roach  
  24  2:31  Roach  
  28  2:38  Zergling x2, Roach x2  
  28  2:41  Zergling x2  
  28  2:42  Zergling x2  
  35  2:52  Zergling x2  
  35  2:53  Zergling x2  
  37  3:02  Zergling x2  
  37  3:04  Zergling x2  
  39  3:09  Drone x2, Roach  
  43  3:13  Baneling Nest, Zergling x2  
  43  3:15  Overlord  
  43  3:19  Extractor  
  42  3:24  Drone  
  42  3:25  Overlord  
  43  3:35  Drone  
  43  3:36  Zergling x2  
  43  3:40  Zergling x2  
  43  3:41  Drone, Zergling x2  
  47  3:45  Drone  
  47  3:48  Drone  
  50  3:56  Roach  
  50  3:59  Roach, Queen  
  56  4:07  Overlord  
  57  4:10  Drone  
  57  4:13  Drone, Roach, Overlord  
  60  4:17  Overlord  
  60  4:25  Roach  
  60  4:28  Roach  
  64  4:32  Roach  
  64  4:39  Zergling x2  
  64  4:42  Extractor  
  64  4:43  Drone  
  64  4:44  Extractor  
  64  4:45  Drone x2, Lair  
  64  4:46  Drone  
  64  4:50  Drone  
  61  4:55  Drone  
  59  5:00  Zergling x2  
  59  5:01  Baneling x2  
  59  5:05  Zergling x2  
  61  5:09  Evolution Chamber  
  61  5:11  Drone  
  59  5:15  Drone  
  59  5:16  Drone x3  
  59  5:17  Evolution Chamber  
  59  5:18  Drone  
  59  5:19  Drone  
  64  5:23  Drone  
  64  5:26  Baneling x2  
  64  5:27  Zergling x2  
  64  5:30  Hatchery  
  59  5:36  Drone  
  59  5:38  Drone  
  51  5:44  Drone, Roach x2  
  51  5:45  Hydralisk Den  
  51  5:46  Roach  
  51  5:47  Infestation Pit  
  51  5:48  Drone, Baneling  
  51  5:49  Zergling x2  
  58  5:51  Drone  
  58  5:52  Drone  
  58  5:56  Zergling x2  
  60  6:00  Drone  
  54  6:07  Roach  
  54  6:11  Roach  
  58  6:12  Drone, Zergling x2  
  58  6:13  Roach  
  62  6:18  Zergling x2  
  62  6:20  Ravager x2, Zergling x4, Roach  
  62  6:22  Overlord  
  69  6:28  Overseer  
  69  6:29  Roach  
  71  6:33  Roach  
  71  6:34  Spine Crawler  
  72  6:40  Roach  
  72  6:41  Drone, Spine Crawler  
  72  6:42  Drone, Lurker Den  
Show
View Real Time Build Order
Export as new Build Order

치터 칸 (가장 어려움) Terran - Winner!

Build Orders:  

Get SALT Encoding   

  12  0:01  SCV  
  13  0:13  SCV  
  14  0:17  Supply Depot  
  14  0:25  SCV  
  15  0:39  SCV  
  16  0:46  Refinery  
  16  0:49  Barracks  
  16  0:51  SCV  
  17  1:03  SCV  
  18  1:15  SCV, Command Center  
  19  1:25  Supply Depot  
  19  1:27  SCV  
  20  1:39  Marine  
  21  1:42  Factory  
  21  1:52  SCV, Barracks  
  22  1:57  Marine  
  23  2:04  SCV  
  23  2:05  Supply Depot  
  24  2:15  Marine  
  25  2:16  SCV  
  26  2:27  SCV  
  26  2:28  SCV, Factory Tech Lab  
  28  2:33  Marine  
  29  2:38  Marine  
  29  2:39  SCV  
  29  2:40  SCV  
  29  2:44  Supply Depot  
  32  2:48  Siege Tank  
  32  2:50  Marine  
  36  2:52  Orbital Command  
  36  2:53  Refinery  
  36  2:55  Orbital Command  
  36  2:57  Marine  
  37  3:08  Marine  
  37  3:12  Barracks  
  38  3:15  Marine  
  38  3:18  SCV  
  40  3:21  SCV  
  40  3:26  Starport  
  41  3:27  Barracks Tech Lab  
  41  3:30  SCV  
  41  3:33  SCV, Barracks Tech Lab  
  43  3:42  SCV  
  43  3:45  SCV, Marine  
  46  3:51  Marine  
  46  3:54  SCV  
  48  3:56  Supply Depot  
  48  3:57  SCV  
  48  3:58  Combat Shield  
  48  3:59  Stimpack, Marine  
  48  4:00  Supply Depot  
  50  4:03  Marine  
  50  4:04  Medivac  
  50  4:06  SCV  
  50  4:09  SCV, Marauder  
  57  4:16  Marine  
  58  4:17  Supply Depot  
  58  4:18  SCV  
  58  4:19  Supply Depot  
  58  4:21  SCV, Marine  
  61  4:30  SCV, Marine  
  63  4:32  Supply Depot  
  63  4:33  SCV  
  63  4:34  Medivac, Marine  
  63  4:36  Supply Depot  
  67  4:39  Marauder  
  67  4:42  SCV  
  70  4:45  SCV  
  70  4:48  Marauder  
  70  4:50  Engineering Bay  
  70  4:52  Marine  
  74  4:53  Engineering Bay  
  74  4:54  SCV  
  74  4:57  SCV  
  76  5:01  Marauder  
  76  5:02  Refinery  
  76  5:04  Refinery, Medivac  
  76  5:06  SCV  
  81  5:07  Command Center  
  81  5:09  Marine, Barracks  
  81  5:10  SCV, Marine  
  84  5:17  Concussive Shells  
  84  5:19  SCV  
  84  5:20  Missile Turret  
  85  5:22  SCV, Marauder  
  85  5:27  Missile Turret, Marauder  
  85  5:28  Marine  
  91  5:29  Missile Turret  
  91  5:31  SCV  
  91  5:34  SCV  
  91  5:35  Starport Reactor  
  93  5:37  Supply Depot  
  93  5:43  SCV, Marauder  
  93  5:46  SCV  
  93  5:47  Barracks Reactor  
  93  5:48  Marine  
  93  5:49  Missile Turret  
  98  5:56  Marine  
  99  5:59  Factory  
  99  6:04  Marine  
  99  6:05  Barracks  
  99  6:07  Marauder  
  99  6:08  Supply Depot  
  99  6:11  Medivac, Viking  
  104  6:12  Starport  
  104  6:14  Marine  
  104  6:15  Armory  
  104  6:18  Missile Turret  
  107  6:20  SCV  
  107  6:21  SCV x2  
  107  6:23  Marauder, Marine  
  107  6:24  Marine  
  110  6:27  Marine  
  110  6:28  Refinery  
  110  6:31  Missile Turret  
  110  6:32  Marine  
  108  6:33  SCV x2  
  108  6:34  Missile Turret, Orbital Command  
  108  6:35  Command Center  
  108  6:38  Armory  
  109  6:40  Refinery, Marine  
  109  6:41  Marine  
  109  6:43  Factory Tech Lab  
  109  6:45  SCV x2  
  121  6:48  Starport Tech Lab, Supply Depot  
  121  6:50  Barracks Tech Lab  
  120  6:55  Missile Turret  
  120  6:59  Ghost Academy  
Tags
 
Add a new tag
Caveats
  • Supply blocks, unpowered buildings, or Contaminate may cause inaccurate times.
  • Supply counts are checked every 10 seconds.